 Dungeon Crawl Stone Soup version 0.20.1-1-g8b1a95d (webtiles) character file.

863 galech the Ruffian (level 7, -5/67 HPs)
             Began as a Troll Monk on Aug 31, 2017.
             Shot with an arrow by a centaur (9 damage)
             ... on level 5 of the Dungeon.
             The game lasted 00:05:38 (3904 turns).

galech the Ruffian (Troll Monk)                     Turns: 3904, Time: 00:05:40

Health: -5/67      AC:  5    Str: 22    XL:     7   Next: 72%
Magic:  6/6        EV: 11    Int:  6    God:
Gold:   146        SH:  0    Dex: 12    Spells: 6/6 levels left

rFire    . . .     SeeInvis .     - Unarmed
rCold    . . .     Gourm    +   (no shield)
rNeg     . . .     Faith    .   a - +0 robe
rPois    .         Spirit   .   (helmet restricted)
rElec    .         Reflect  .   (no cloak)
rCorr    .         Harm     .   (gloves unavailable)
MR       .....                  (boots unavailable)
Stlth    ++........             (no amulet)
Regen    0.7/turn               (no ring)
MPRegen  0.1/turn               (no ring)

@: no status effects
A: unfitting armour, claws 3, fast metabolism 3, gourmand, regeneration 1,
shaggy fur 1, tough skin 2
a: no special abilities


You were on level 5 of the Dungeon.
You were completely stuffed.

You visited 1 branch of the dungeon, and saw 5 of its levels.

You collected 146 gold pieces.

Inventory:

Hand Weapons
 q - the +11 plutonium sword {*Contam Stlth-}
   (You found it on level 4 of the Dungeon)

   It causes magical contamination when unequipped.
   It makes you less stealthy.
Armour
 a - a +0 robe (worn)
Jewellery
 d - an uncursed amulet of faith
 x - an uncursed ring of resist corrosion {unknown}
Wands
 r - a wand of lightning (3/15)
Scrolls
 f - 2 scrolls of magic mapping
 g - 4 scrolls of teleportation
 j - a scroll of immolation {unknown}
 k - 3 scrolls of blinking {unknown}
 m - 2 scrolls of recharging
 s - a scroll of random uselessness {unknown}
 u - a scroll of fear {unknown}
 w - a scroll of identify
Potions
 c - 4 potions of curing {unknown}
 e - a potion of flight {unknown}
 h - 3 potions of haste {unknown}
 i - 2 potions of mutation {unknown}
 l - 3 potions of heal wounds {unknown}
 n - a potion of agility {unknown}
 o - a potion of invisibility {unknown}
Comestibles
 b - 6 bread rations
 p - a meat ration
 t - a royal jelly
 v - 3 chunks of flesh


   Skills:
 + Level 3.2 Fighting
 + Level 4.1 Dodging
 + Level 2.0 Stealth
 + Level 7.3 Unarmed Combat


You had 6 spell levels left.
You didn't know any spells.

Dungeon Overview and Level Annotations

Branches:
Dungeon (5/15)
 Temple: D:4-7

Altars:
Gozag


Innate Abilities, Weirdness & Mutations

You are too large for most types of armour.
You have claws for hands.
Your metabolism is lightning-fast.
You like to eat raw meat.
Your natural rate of healing is unusually fast.
You are covered in fur. (AC +1)
You have very tough skin. (AC +2)


Message History

You see here an arrow.
The centaur shoots an arrow.
The arrow closely misses you.
You see here an arrow.
You see here an arrow.
The centaur shoots an arrow.
The arrow hits you.
The centaur shoots an arrow.
The arrow hits you.
You see here 2 arrows.
The centaur shoots an arrow.
The arrow hits you!
The centaur shoots an arrow.
The arrow hits you!
* * * LOW HITPOINT WARNING * * *
You see here 2 arrows.
The centaur shoots an arrow.
The arrow hits you!
* * * LOW HITPOINT WARNING * * *
You see here an arrow.
The centaur shoots an arrow.
The arrow hits you!
* * * LOW HITPOINT WARNING * * *
You see here an arrow.
There is a stone staircase leading up here.
The centaur shoots an arrow.
The arrow hits you!
You die...

....#.#.#.#.#.# ...#.#.#.#.#.#
#.#.# ....#.#.#.#.# #..#.###
...#.#.#.#.#.#.#......
..#.#.#.#.#.#.#....#
...#.#.#.#+#.#.##..# #.#
.(#)#.#.....#.#....# #.#
.#.#.#.#.....#.##..# #.#
#.#)#.#+....#.#.@..###.#######
.#รท#.#.#.....#.#.(.#.......>..
#)#.........#.#..(>#..........
.#+..........#.#.(..c....c....
#.#.....#+#.#.#.#5###.(.......
.#.#.#+#.#.#.#.#..###(........
#.#.#.#.#.#.#.#.#..((.5.......
.#.#.#.#.#.#.#.##.............
......#.#.#.#.#.#.....###.....


You could see a centaur and a crimson imp.

Vanquished Creatures
  The ghost of ThereIsNoGod the Chiller, an amateur DrIE (D:4)
  Sigmund (D:4)
  The ghost of NoNouf the Shield-Bearer, an amateur MiFi (D:3)
  An ogre (D:5)
  A crimson imp (D:5)
  2 orc priests
  An orc wizard (D:3)
  A bullfrog skeleton (D:4)
  2 worker ants (D:4)
  3 adders
  A howler monkey skeleton (D:5)
  3 worms
  3 dart slugs
  4 leopard geckos
  11 orcs
  3 ball pythons
  7 bats
  5 giant cockroaches
  11 goblins
  8 hobgoblins
  8 jackals (D:2)
  3 frilled lizards
  8 kobolds
  3 rats (D:1)
92 creatures vanquished.

Notes
Turn   | Place    | Note
-------+----------+-------------------------------------------
     0 | D:1      | galech the Troll Monk began the quest for the Orb.
     0 | D:1      | Reached XP level 1. HP: 22/22 MP: 0/0
   240 | D:1      | Reached XP level 2. HP: 17/29 MP: 1/1
  1094 | D:2      | Reached XP level 3. HP: 36/36 MP: 2/2
  2197 | D:3      | Reached skill level 4 in Unarmed Combat
  2197 | D:3      | Reached XP level 4. HP: 30/44 MP: 3/3
  2289 | D:3      | Reached XP level 5. HP: 52/52 MP: 4/4
  2370 | D:3      | Noticed NoNouf's ghost (amateur MiFi)
  2389 | D:3      | Killed NoNouf's ghost
  2389 | D:3      | Reached skill level 5 in Unarmed Combat
  2621 | D:3      | Found an opulent altar of Gozag.
  2847 | D:3      | Reached XP level 6. HP: 61/61 MP: 5/5
  3041 | D:4      | Noticed Sigmund
  3081 | D:4      | Noticed ThereIsNoGod's ghost (amateur DrIE)
  3220 | D:4      | Killed Sigmund
  3220 | D:4      | Reached skill level 6 in Unarmed Combat
  3389 | D:4      | Killed ThereIsNoGod's ghost
  3389 | D:4      | Reached XP level 7. HP: 28/67 MP: 6/6
  3685 | D:5      | Entered Level 5 of the Dungeon
  3709 | D:5      | Reached skill level 7 in Unarmed Combat
  3902 | D:5      | HP: 3/67 [centaur/arrow (8)]
  3904 | D:5      | Shot with an arrow by a centaur

Skill      XL: |  1  2  3  4  5  6  7 |
---------------+----------------------+-----
Dodging        | 3 4 |  4.1
Unarmed Combat | 4 5 6 7 |  7.3
Fighting       | 3 |  3.2
Stealth        | 2 |  2.0

Action                   |  1- 3 |  4- 6 |  7- 9 || total
-------------------------+-------+-------+-------++-------
Melee: Unarmed           |   103 |   105 |    43 ||   251
       Punch             |     1 |     1 |       ||     2
  Use: Scroll            |     4 |     1 |       ||     5
 Stab: Sleeping          |     2 |     1 |     1 ||     4
  Eat: Chunk             |    25 |    11 |     5 ||    41
Armor: Robe              |    50 |    25 |     6 ||    81
Dodge: Dodged            |    57 |    51 |    18 ||   126
